 Dungeon Crawl Stone Soup version 0.20-a0-548-g4f8a798 (webtiles) character file.

763 krabocopter the Slasher (level 8, -1/65 HPs)
             Began as a Human Gladiator on Feb 1, 2017.
             Slain by an ogre
             ... wielding a +0 giant club
              (26 damage)
             ... on level 4 of the Dungeon.
             The game lasted 00:12:19 (4517 turns).

krabocopter the Slasher (Human Gladiator)           Turns: 4517, Time: 00:12:19

Health: -1/65      AC:  7    Str: 14    XL:     8   Next: 8%
Magic:  17/17      EV: 12    Int: 10    God:
Gold:   243        SH:  3    Dex: 16    Spells: 7/7 levels left

rFire    . . .     SeeInvis .   a - +0 long sword
rCold    . . .     Gourm    .   b - +0 leather armour
rNeg     . . .     Faith    .   e - +0 buckler
rPois    .         Spirit   .   c - +0 helmet
rElec    .         Reflect  .   y - +2 cloak
rCorr    .         Harm     .   (no gloves)
MR       .....                  (no boots)
Stlth    +.........             (no amulet)
Regen    0.2/turn               l - ring of magical power
                                (no ring)

@: no status effects
A: no striking features
a: no special abilities


You were on level 4 of the Dungeon.
You were not hungry.

You visited 1 branch of the dungeon, and saw 5 of its levels.

You collected 243 gold pieces.

Inventory:

Hand Weapons
 a - a +0 long sword (weapon)
 s - a +1 mace of crushing
Missiles
 d - 3 throwing nets (quivered)
Armour
 b - a +0 leather armour (worn)
 c - a +0 helmet (worn)
 e - a +0 buckler (worn)
 y - a +2 cloak (worn)
Magical Staves
 C - an uncursed staff of poison
Jewellery
 g - an uncursed ring of ice
 l - a ring of magical power (right hand)
 v - an uncursed ring of fire
Wands
 m - a wand of iceblast (9/15)
 w - a wand of random effects (12/48)
 H - a wand of enslavement (9/24)
Scrolls
 h - a scroll of remove curse
 k - a scroll of immolation {unknown}
 n - 2 scrolls of enchant armour {unknown}
 p - a scroll of noise {unknown}
 q - 2 scrolls of enchant weapon
 r - 3 scrolls of identify
 t - a scroll of amnesia {unknown}
 x - a scroll of teleportation
 I - a scroll of fog {unknown}
 J - a scroll of blinking {unknown}
Potions
 i - a potion of mutation {unknown}
 j - a potion of curing
 u - a potion of lignification {unknown}
 z - a potion of agility {unknown}
 B - a potion of experience {unknown}
 D - 2 potions of brilliance {unknown}
 E - a potion of magic {unknown}
Comestibles
 f - 2 bread rations
 o - 3 royal jellies
 A - 3 fruits
 F - 7 chunks of flesh
 G - a meat ration


   Skills:
 + Level 6.3 Fighting
 + Level 6.5 Long Blades
 - Level 2.0 Throwing
 - Level 3.0 Dodging


You had 7 spell levels left.
You didn't know any spells.

Dungeon Overview and Level Annotations

Branches:
Dungeon (5/15)
 Temple: D:4-7

Altars:
Cheibriados
Nemelex Xobeh
Qazlal
Trog


Message History

The ogre is lightly wounded.
The ogre closely misses you.
You barely miss the ogre.
The ogre is lightly wounded.
The ogre hits you with a giant club!
You barely miss the ogre.
The ogre is lightly wounded.
The ogre closely misses you.
You hit the ogre.
The ogre is moderately wounded.
You slash the ogre!
The ogre is heavily wounded.
The ogre hits you with a giant club.
You hit the ogre.
The ogre is severely wounded.
The ogre closely misses you.
You hit the ogre.
The ogre is severely wounded.
The ogre hits you with a giant club!!
You die...

### .. ##.##
...# #.###
#######...#
........#.#
##......#O#
.......?#@#
...##...#.#
.#. .. ....#.#
.... .
######.# ##.##
#.# #... # #.#
#..#########.#
#.#
#..#.........
#.#
#......#..####
#.#


You could see an ogre.

Vanquished Creatures
  An ice beast (D:5)
  A phantom (D:5)
  A crimson imp (D:5)
  4 orc priests
  A centaur skeleton (D:4)
  An iguana (D:5)
  5 orc wizards
  3 worker ants
  6 adders
  4 gnolls (D:2)
  A shadow imp (D:5)
  13 orcs
  2 giant cockroaches
  6 hobgoblins
  8 jackals
  5 kobolds
  A quokka (D:3)
  3 bats
  4 frilled lizards
  7 goblins
  6 rats
83 creatures vanquished.

Notes
Turn   | Place    | Note
-------+----------+-------------------------------------------
     0 | D:1      | krabocopter the Human Gladiator began the quest for the Orb.
     0 | D:1      | Reached XP level 1. HP: 16/16 MP: 1/1
   390 | D:1      | Reached XP level 2. HP: 23/23 MP: 2/2
   463 | D:1      | Found a sparkling altar of Nemelex Xobeh.
  1016 | D:2      | Reached XP level 3. HP: 26/28 MP: 3/3
  1172 | D:2      | Reached XP level 4. HP: 32/35 MP: 4/4
  1780 | D:3      | Reached XP level 5. HP: 38/42 MP: 5/5
  2108 | D:3      | Reached XP level 6. HP: 24/49 MP: 6/6
  2265 | D:3      | Found a bloodstained altar of Trog.
  2327 | D:3      | Reached skill level 5 in Long Blades
  2692 | D:3      | Found a snail-covered altar of Cheibriados.
  3207 | D:4      | Reached skill level 5 in Fighting
  3224 | D:4      | Found a stormy altar of Qazlal.
  3259 | D:5      | Entered Level 5 of the Dungeon
  3299 | D:5      | Reached XP level 7. HP: 24/56 MP: 7/7
  3556 | D:5      | HP: 2/56 [phantom (4)]
  4286 | D:4      | Reached XP level 8. HP: 51/64 MP: 8/8
  4517 | D:4      | Slain by an ogre

Vault maps used:
D:1:      dpeg_arrival_connections, nemelex_diamond_rough_becter
D:3:      old_standard_altar, bloody_trog
D:4:      lemuel_doored_altar
D:5:      serial_shops, shop_fountains, first_bread, cheibrodos_gnoll_hut

Skill      XL: |  1  2  3  4  5  6  7 |
---------------+----------------------+-----
Fighting       | 3 4 5 6 |  6.3
Long Blades    | 4 5 6 |  6.5
Throwing       | |  2.0
Dodging        | |  3.0

Action                   |  1- 3 |  4- 6 |  7- 9 || total
-------------------------+-------+-------+-------++-------
Melee: Long sword        |    46 |   175 |   112 ||   333
       Broad axe         |       |       |     5 ||     5
  Use: Potion            |       |     4 |       ||     4
       Scroll            |       |       |     4 ||     4
 Stab: Sleeping          |       |     2 |       ||     2
  Eat: Chunk             |     1 |     4 |     2 ||     7
       Meat ration       |       |     1 |       ||     1
Armor: Leather armour    |    16 |    60 |    26 ||   102
Dodge: Dodged            |    35 |   111 |    49 ||   195
Block: Buckler           |       |     1 |    14 ||    15
       Rpst.: Long sword |    14 |    41 |    13 ||    68
